AoeStats
← November_jp

Arabia

510905883Analyzed
1v1 RM · 21h ago on Oct 3, 2026· 20m 45s· 2 players
Game mode
Random Map
Map size
Tiny (2 player)
Population
200
Speed
Normal
Resources
Standard
Victory
Conquest
Starting age
Dark Age
Ending age
Imperial Age
RankedLock teamsTeams togetherTeam positionsShared explorationLock speedFull tech treeHidden civsTurbo modeCheats
Victory
Defeat
955
+14
🇰🇷 Poles · South Korea
914
-40
November_jp
12:23 Feudal Age
14:14 Wheelbarrow
17:52 Horse Collar
位技术水平平平但策略
4:49 Loom
10:03 Feudal Age
10:22 Man-at-Arms
19:50 Fletching
20:01 Padded Archer Armor
20:04 Double-Bit Axe
Connection lost

Rejoining the realm…

Still unreachable

The connection could not be restored.

Session expired

The server has moved on; the page needs a fresh start.